 Dungeon Crawl Stone Soup version 0.17.2-1-ge4368a0 (webtiles) character file.

706 Goblin1989 the Cudgeler (level 7, -2/53 HPs)
             Began as a Demonspawn Gladiator on Aug 4, 2016.
             Was a Follower of Makhleb.
             Slain by an iguana (4 damage)
             ... on level 5 of the Dungeon.
             The game lasted 00:15:59 (1824 turns).

Goblin1989 the Cudgeler (Demonspawn Gladiator)      Turns: 1824, Time: 00:16:00

Health: -2/53      AC: 11    Str: 22    XL:     7   Next: 39%
Magic:  7/7        EV:  8    Int: 15    God:    Makhleb [*.....]
Gold:   159        SH:  3    Dex: 13    Spells: 0 memorised, 6 levels left

rFire  . . .     SeeInvis .     p - +1 morningstar
rCold  + + +     Rnd*Rage +     i - +0 chain mail
rNeg   . . .     SustAt   .     h - +0 buckler
rPois  .         Gourm    .     c - +1 helmet
rElec  .         Spirit   .     (no cloak)
rCorr  .         Warding  .     (no gloves)
rMut   .         Stasis   .     (no boots)
MR     .....                    k - amulet of regeneration
Stlth  ..........               (no ring)
                                g - ring of protection from cold

@: mighty, brilliant, flying, not resistant to hostile enchantments, extremely
unstealthy
A: talons 1, icy blue scales 1, berserk 1, blurry vision 1, cold resistance 2,
powered by pain 1, MP-powered wands
a: Renounce Religion


You were on level 5 of the Dungeon.
You worshipped Makhleb.
Makhleb was aware of your devotion.
You were very hungry.

You visited 1 branch of the dungeon, and saw 5 of its levels.

You collected 159 gold pieces.

Inventory:

Hand Weapons
 a - a +4 scythe of freezing
 p - a +1 morningstar (weapon)
 t - a +0 blowgun
Missiles
 d - 2 throwing nets (quivered)
 q - 2 curare-tipped needles
Armour
 b - a +0 leather armour
 c - a +1 helmet (worn)
 h - a +0 buckler (worn)
 i - a +0 chain mail (worn)
Jewellery
 g - a ring of protection from cold (left hand)
 k - an amulet of regeneration (around neck)
Wands
 u - a wand of lightning (10)
Scrolls
 m - a scroll of recharging
 s - a scroll of teleportation
Potions
 r - a potion of mutation
Comestibles
 e - 3 bread rations
 f - 7 meat rations
 v - 12 fruits
 w - a slice of pizza


   Skills:
 - Level 3.7 Fighting
 + Level 6.2 Maces & Flails
 - Level 3.2 Throwing
 - Level 3.7 Dodging


You had 6 spell levels left.
You didn't know any spells.

Dungeon Overview and Level Annotations

Branches:
Dungeon (5/15)
 Temple: D:4-7

Altars:
Dithmenos
Fedhas
Makhleb


Innate Abilities, Weirdness & Mutations

You have sharp toenails.
You are partially covered in icy blue scales (AC +1).
Your flesh is very cold resistant.
You sometimes gain a little power by taking damage.
You tend to lose your temper in combat.
Scrolls take you a little longer to read.
You expend magic power (3 MP) to strengthen your wands.


Message History

The iguana closely misses you.
You take 2 damage, and have 7/53 hp.
Drink which item? (? for menu, Esc to quit)
It was a potion of brilliance.
You feel clever all of a sudden. Something hits you.
* * * LOW HITPOINT WARNING * * *
The iguana closely misses you.
You take 5 damage, and have 2/53 hp.
Drink which item? (? for menu, Esc to quit)
It was a potion of flight.
You feel very buoyant.
You fly up into the air.
Something hits you but does no damage. The iguana bites you.
* * * LOW HITPOINT WARNING * * *
Drink which item? (? for menu, Esc to quit)
It was a potion of might.
You feel very mighty all of a sudden. Something hits you but does no damage.
The iguana bites you.
You die...

#......['...#.......#
#.......#...#.......#
#.......# ..#
###....)######...
#.....#........
#.....'##################
#.....##(=?#.....#.....#.
#.....##?|.#.....#.....#.
#.....##@l(#..#..#..#..#.
#.....##'###..#..#..#..#.
#.....##......#.....#....
#.....##......#.....#....
.....##'####################
.....+.........r............
.....#......................
.... #....##################
... #....# #.....#....


You could see an iguana.

Vanquished Creatures
  Sigmund (D:2)
  2 crimson imps (D:5)
  2 orc priests (D:4)
  5 orc wizards
  2 hounds (D:4)
  A centaur skeleton (D:4)
  A giant frog skeleton (D:4)
  A worker ant (D:4)
  5 adders
  An adder skeleton (D:5)
  3 worms (D:2)
  6 giant geckos
  15 orcs
  2 ball pythons
  6 hobgoblins
  7 jackals
  3 kobolds
  A quokka (D:3)
  5 bats
  3 giant cockroaches
  A giant gecko zombie (D:5)
  3 giant newts
  3 goblins
  5 rats
84 creatures vanquished.

Notes
Turn   | Place    | Note
--------------------------------------------------------------
     0 | D:1      | Goblin1989 the Demonspawn Gladiator began the quest for the Orb.
     0 | D:1      | Reached XP level 1. HP: 16/16 MP: 1/1
   341 | D:2      | Gained mutation: You have sharp toenails. [demonic ancestry]
   341 | D:2      | Reached XP level 2. HP: 13/22 MP: 2/2
   577 | D:2      | Found a shadowy altar of Dithmenos.
   670 | D:3      | Reached skill level 3 in Maces & Flails
   670 | D:3      | Gained mutation: Your flesh is cold resistant. [demonic ancestry]
   670 | D:3      | Reached XP level 3. HP: 18/28 MP: 3/3
   840 | D:2      | Noticed Sigmund
   849 | D:2      | Killed Sigmund
   849 | D:2      | Gained mutation: You are partially covered in icy blue scales (AC +1). [demonic ancestry]
   849 | D:2      | Reached XP level 4. HP: 22/35 MP: 4/4
   849 | D:2      | Gained mutation: You sometimes gain a little power by taking damage. [demonic ancestry]
   849 | D:2      | Reached XP level 5. HP: 25/41 MP: 5/5
   945 | D:2      | Reached skill level 4 in Maces & Flails
   955 | D:2      | Reached XP level 6. HP: 47/47 MP: 6/6
  1324 | D:3      | Found a burning altar of Makhleb.
  1332 | D:3      | Became a worshipper of Makhleb the Destroyer
  1455 | D:4      | Gained mutation: Your body sometimes deteriorates upon taking damage. [potion of mutation]
  1455 | D:4      | Gained mutation: You tend to lose your temper in combat. [potion of mutation]
  1455 | D:4      | Lost mutation: Your body sometimes deteriorates upon taking damage. [potion of mutation]
  1456 | D:4      | Gained mutation: Your flesh is very cold resistant. [potion of mutation]
  1456 | D:4      | Gained mutation: Scrolls take you a little longer to read. [potion of mutation]
  1456 | D:4      | Gained mutation: You expend magic power (3 MP) to strengthen your wands. [potion of mutation]
  1480 | D:4      | Reached skill level 5 in Maces & Flails
  1527 | D:4      | Reached XP level 7. HP: 26/53 MP: 7/7
  1574 | D:5      | Entered Level 5 of the Dungeon
  1629 | D:5      | Found a blossoming altar of Fedhas.
  1653 | D:5      | Reached * piety under Makhleb
  1759 | D:5      | Reached skill level 6 in Maces & Flails
  1822 | D:5      | HP: 2/53 [something (5)]
  1824 | D:5      | Slain by an iguana

Action                   |  1- 3 |  4- 6 |  7- 9 || total
-------------------------+-------+-------+-------++-------
Melee: Flail             |    81 |       |       ||    81
       Morningstar       |    57 |   214 |    82 ||   353
Throw: Throwing net      |     2 |       |       ||     2
  Use: Potion            |     1 |     3 |     3 ||     7
       Scroll            |       |     6 |       ||     6
  Eat: Bread ration      |       |     1 |       ||     1
       Chunk             |       |     1 |       ||     1
